 Dungeon Crawl Stone Soup version 0.23-a0-890-gc183402 (console) character file.

Game seed: 9070523303068288561

53 iafm the Chopper (level 3, -1/31 HPs)
             Began as a Hill Orc Monk on Jan 29, 2019.
             Slain by an adder (2 damage)
             ... on level 2 of the Dungeon.
             The game lasted 00:03:15 (1845 turns).

iafm the Chopper (Hill Orc Monk)                    Turns: 1845, Time: 00:03:15

Health: -1/31      AC:  2    Str: 11 (13) XL:     3   Next: 89%
Magic:  3/3        EV: 12    Int: 13 (16) God:
Gold:   140        SH:  0    Dex: 10 (13) Spells: 2/2 levels left

rFire    . . .     SeeInvis .   a - +0 hand axe
rCold    . . .     Gourm    .   (no shield)
rNeg     . . .     Faith    .   b - +0 robe
rPois    .         Spirit   .   (no helmet)
rElec    .         Reflect  .   (no cloak)
rCorr    .         Harm     .   (no gloves)
MR       .....                  (no boots)
Stlth    ++........             (no amulet)
HPRegen  0.10/turn              (no ring)
MPRegen  0.08/turn              (no ring)

@: brilliant, lethally poisoned (-1 -> -5)
A: no striking features
a: no special abilities


You were on level 2 of the Dungeon.
You were not hungry.

You visited 1 branch of the dungeon, and saw 2 of its levels.

You collected 140 gold pieces.


   Skills:
 - Level 3.6 Fighting
 + Level 6.2 Axes
 - Level 2.4 Dodging
 - Level 1.5 Stealth


You had 2 spell levels left.
You didn't know any spells.
Your spell library was empty.

Inventory:

Hand Weapons
 a - a +0 hand axe (weapon)
 g - a cursed +0 mace
Armour
 b - a +0 robe (worn)
Scrolls
 d - a scroll of remove curse {unknown}
 e - a scroll of immolation {unknown}
 f - 3 scrolls of identify {unknown}
Comestibles
 h - 2 chunks of flesh

Dungeon Overview and Level Annotations

Branches:
Dungeon (2/15)

Altars:


Message History

You are poisoned.
The adder poisons you!
You barely miss the adder.
You feel sick. The adder barely misses you.
You miss the adder. The adder closely misses you.
You closely miss the adder. The adder bites you but does no damage.
The adder bites you.
You closely miss the adder.
You feel sick. The adder bites you.
You are too injured to fight recklessly!
You are too injured to fight recklessly!
You are too injured to fight recklessly!
You are too injured to fight recklessly!
You closely miss the adder. The adder closely misses you.
You closely miss the adder. The adder bites you.
You barely miss the adder. The adder bites you but does no damage.
The adder barely misses you.
You completely miss the adder.
You feel sick. The adder closely misses you.
You barely miss the adder. The adder misses you.
You barely miss the adder. The adder bites you.
* * * LOW HITPOINT WARNING * * *
The adder bites you.
* * * LOW HITPOINT WARNING * * *
Okay, then.
It was a potion of brilliance.
You feel clever all of a sudden. The adder barely misses you.
You miss the adder.
You feel sick. The adder barely misses you.
You miss the adder. The adder bites you.
* * * LOW HITPOINT WARNING * * *
You are more poisoned.
The adder poisons you! The adder barely misses you.
You hit the adder but do no damage.
You feel sick. The adder barely misses you.
You miss the adder. The adder closely misses you.
You barely miss the adder.
You feel sick. The adder bites you.
* * * LOW HITPOINT WARNING * * *
You hit the adder.
The adder is moderately wounded.
The adder bites you but does no damage. The adder bites you.
* * * LOW HITPOINT WARNING * * *
You hit the adder.
The adder is severely wounded.
* * * LOW HITPOINT WARNING * * *
You feel sick. The adder barely misses you.
You closely miss the adder.
The adder is severely wounded.
The adder bites you but does no damage.
You hit the adder but do no damage.
The adder is severely wounded.
* * * LOW HITPOINT WARNING * * *
You feel sick. The adder misses you. The adder bites you.
You die...

#### · ######·· ···
···##·#
##···#####·##·####
#···brS@·········# ·#
·····#####·##·##·# ·#
##·········##·##·##·#
··########·······#
###·····# #·····#
#·····# #·····#
#·····#


You could see an adder, a bat and a rat.

Notes
Turn   | Place    | Note
-------+----------+-------------------------------------------
     0 | D:1      | iafm the Hill Orc Monk began the quest for the Orb.
     0 | D:1      | Reached XP level 1. HP: 19/19 MP: 1/1
   202 | D:1      | Reached XP level 2. HP: 26/26 MP: 2/2
   467 | D:1      | Reached skill level 5 in Axes
  1109 | D:2      | Reached XP level 3. HP: 31/31 MP: 3/3
  1514 | D:2      | Reached skill level 6 in Axes
  1843 | D:2      | HP: 1/31 [poisoned by an adder]
  1845 | D:2      | Slain by an adder

Table legend:
 A = Turns spent in this place as a percentage of turns spent in the entire game.
 B = Non-inter-level travel turns spent in this place as a percentage of non-inter-level travel turns spent in the entire game.
 C = Inter-level travel turns spent in this place as a percentage of turns spent in this place.
 D = Turns resting spent in this place as a percentage of non-inter-level travel turns spent in this place.
 E = Turns spent auto-exploring this place as a percentage of non-inter-level travel turns spent in this place.
 F = Non-inter-level travel turns spent in this place divided by the number of levels of this place that you've seen.
                   A       B       C       D       E      F
               +-------+-------+-------+-------+-------+----------------------
         Total | 100.0 | 100.0 |   2.7 |  42.5 |  31.5 | 897.5
       Dungeon | 100.0 | 100.0 |   2.7 |  42.5 |  31.5 | 897.5
               +-------+-------+-------+-------+-------+----------------------

Table legend:
 A = Kills in this place as a percentage of kills in entire the game.
 B = Kills by you in this place as a percentage of kills by you in the entire game.
 C = Kills by friends in this place as a percentage of kills by friends in the entire game.
 D = Other kills in this place as a percentage of other kills in the entire game.
 E = Experience gained in this place as a percentage of experience gained in the entire game.
 F = Experience gained in this place divided by the number of levels of this place that you have seen.
                   A       B       C       D       E      F
               +-------+-------+-------+-------+-------+----------------------
         Total | 100.0 | 100.0 |   N/A |   N/A | 100.0 |  38.5
       Dungeon | 100.0 | 100.0 |   N/A |   N/A | 100.0 |  38.5
               +-------+-------+-------+-------+-------+----------------------

Vanquished Creatures
  Monster Symbol All 'K'
  9 kobolds
9 creatures vanquished. All 'S' An adder (D:2)
1 creature vanquished. All 'b' 4 bats
4 creatures vanquished. All 'g' 3 goblins 8 hobgoblins
11 creatures vanquished. All 'h' 2 jackals (D:1)
2 creatures vanquished. All 'l' 2 frilled lizards (D:1)
2 creatures vanquished. All 'r' A quokka (D:2) 7 rats
8 creatures vanquished. All 's' A giant cockroach (D:2)
1 creature vanquished. All 'w' 2 dart slugs (D:2)
2 creatures vanquished.
40 creatures vanquished. Monster Nature Natural Monsters An adder (D:2) 2 dart slugs (D:2) A giant cockroach (D:2) 3 goblins 8 hobgoblins 2 jackals (D:1) A quokka (D:2) 4 bats 2 frilled lizards (D:1) 9 kobolds 7 rats
40 creatures vanquished.
40 creatures vanquished. Ascending Order An adder (D:2) A giant cockroach (D:2) A quokka (D:2) 2 dart slugs (D:2) 2 jackals (D:1) 2 frilled lizards (D:1) 3 goblins 4 bats 7 rats 8 hobgoblins 9 kobolds
40 creatures vanquished.

Skill      XL: |  1  2  3 |
---------------+----------+-----
Axes           | 5 6 |  6.2
Fighting       | |  3.6
Dodging        | |  2.4
Stealth        | |  1.5

Action                   || total
-------------------------++-------
Melee: Hand axe          ||   165
Throw: Stone             ||     1
  Use: Scroll            ||     2
       Potion            ||     2
 Stab: Sleeping          ||     2
  Eat: Chunk             ||     1
       Ration            ||     1
Armor: Robe              ||    30
Dodge: Dodged            ||   100
